 Dungeon Crawl Stone Soup version 0.31.0 (webtiles) character file.

Game seed: 8878116127688305917

168 qw the Shooter (level 5, -1/32 HPs)
             Began as a Gargoyle Hunter on Jan 19, 2024.
             Was an Initiate of Okawaru.
             Slain by a gnoll
             ... wielding a +3 halberd
              (10 damage)
             ... on level 4 of the Dungeon.
             The game lasted 00:00:11 (2743 turns).

qw the Shooter (Gargoyle Hunter)                    Turns: 2743, Time: 00:00:11

Health: -1/32      AC: 12    Str: 15    XL:     5   Next: 48%
Magic:  5/5        EV: 12    Int:  9    God:    Okawaru [......]
Gold:   157        SH:  0    Dex: 15    Spells: 4/4 levels left

rFire   + . .        a - +0 shortbow
rCold   . . .        (shield currently unavailable)
rNeg    + . .        l - +0 robe of Uskayaw's Whim {rF+ Will+}
rPois   inf          i - +1 helmet
rElec   +            (no cloak)
rCorr   .            (no gloves)
SInv    .            (no boots)
Will    +....        (no amulet)
Stlth   ++           n - +4 ring of protection
HPRegen 0.25/turn    (no ring)
MPRegen 0.09/turn

%: no passive effects
@: no status effects
A: sickness immunity, AC +4, negative energy resistance 1, electricity
resistance, torment resistance 1, petrification resistance
a: Renounce Religion


You were on level 4 of the Dungeon.
You worshipped Okawaru.
Okawaru was noncommittal.
You visited 2 branches of the dungeon, and saw 5 of its levels.

You collected 157 gold pieces.


Innate Abilities, Weirdness & Mutations

You are immune to sickness and miasma.
Your stone body is resilient. (AC +4)
You are immune to poison.
You resist negative energy. (rN+)
You are resistant to electric shocks. (rElec)
You are resistant to unholy torment.
You are immune to petrification.


   Skills:
 + Level 3.3 Fighting
 - Level 6.0 Ranged Weapons
 - Level 1.0 Armour
 - Level 1.5 Dodging
 - Level 1.1 Stealth


You had 4 spell levels left.
You didn't know any spells.
Your spell library was empty.

Inventory:

Hand Weapons
 a - a +0 shortbow (weapon)
Armour
 e - a +0 ring mail
 i - a +1 helmet (worn)
 l - the +0 robe of Uskayaw's Whim (worn) {rF+ Will+}
   (You found it on level 3 of the Dungeon)

   rF+:       It protects you from fire.
   Will+:     It increases your willpower.
Jewellery
 n - a +4 ring of protection (left hand)
Potions
 b - a potion of mutation {unknown}
 c - a potion of ambrosia {unknown}
 d - a potion of curing {unknown}
 f - a potion of might
 g - a potion of invisibility {unknown}
 h - a potion of magic {unknown}
 m - a potion of brilliance {unknown}
 o - a potion of heal wounds {unknown}

Dungeon Overview and Level Annotations

Branches:
Dungeon (4/15)             Temple (1/1) D:4

Altars:
Ashenzari
Dithmenos
Elyvilon
Fedhas
Nemelex Xobeh
Okawaru
Sif Muna
Uskayaw
Wu Jian
Xom
Zin

Shops:
D:1 (

Annotations:
D:3 1 runed translucent door, Crazy Yiuf


Message History

You climb upwards.
Welcome back to the Dungeon!
There is a staircase to the Ecumenical Temple here.
You open the door.
There is an open door here.
Found a stone staircase leading up.
A goblin comes into view. It is wielding a +0 club.
You shoot an arrow. The arrow hits the goblin.
You kill the goblin!
Okawaru accepts your kill.
A gnoll comes into view. It is wielding a +0 flail.
Found a stone staircase leading down.
You shoot an arrow. The arrow hits the gnoll!
The gnoll shouts!
The gnoll is severely wounded. 3 gnolls come into view.
The gnoll shouts! x3
You shoot an arrow. The arrow barely misses the gnoll.
The arrow hits the gnoll!
The gnoll is heavily wounded.
You shoot an arrow. The arrow hits the gnoll.
The gnoll is almost dead.
The gnoll hits you but does no damage.
You shoot an arrow. The arrow hits the gnoll.
You kill the gnoll!
Okawaru accepts your kill.
The gnoll hits you from afar with a +3 halberd.
You shoot an arrow. The arrow hits the gnoll.
The gnoll is moderately wounded.
The gnoll closely misses you. The gnoll hits you with a +0 whip.
You shoot an arrow. The arrow completely misses the gnoll.
The arrow hits the gnoll but does no damage.
The gnoll is heavily wounded.
The gnoll hits you from afar with a +3 halberd.
The gnoll hits you with a +0 whip.
You shoot an arrow. The arrow closely misses the gnoll.
The gnoll hits you from afar with a +3 halberd!
The gnoll hits you but does no damage.
You shoot an arrow. The arrow hits the gnoll.
The gnoll is severely wounded.
The gnoll hits you from afar with a +3 halberd!
You die...

.# .# . ##.## ######
.#######....# .....#
......#.#...#####..>..#
............#.). .....#
......#.#<..#.###.....#
.###.###........ggg...#
.###'####...#.##@#
.#.....##...#.##.#
.#.}.}.#......##.#
.'..>..+.#..####.#
##.}.}.###..####.#
##.....# #.......#
.###+### #.#...#######
## ##.##........ ####
############


You could see 3 gnolls.

Vanquished Creatures
  A scorpion (D:4)
  A gnoll (D:4)
  3 adders
  A dart slug (D:1)
  2 ribbon worms (D:2)
  6 ball pythons
  6 bats
  7 endoplasms
  A giant cockroach (D:1)
  7 goblins
  5 hobgoblins
  5 jackals
  5 kobolds
  3 quokkas (D:2)
  A frilled lizard (D:1)
  A rat (D:2)
55 creatures vanquished.

Notes
Turn   | Place    | Note
-------+----------+-------------------------------------------
     0 | D:1      | qw the Gargoyle Hunter began the quest for the Orb.
     0 | D:1      | Reached XP level 1. HP: 12/12 MP: 1/1
     0 | D:1      | 0 ||| qw: Version: 0.3-a-132-g3d54051
     0 | D:1      | 0 ||| qw: Game counter: 273
     0 | D:1      | 0 ||| qw: Melee chars always use a shield: true
     0 | D:1      | 0 ||| qw: God list: Okawaru
     0 | D:1      | 0 ||| qw: Allow faded altars: false
     0 | D:1      | 0 ||| qw: Do Orc after clearing Dungeon:15 true
     0 | D:1      | 0 ||| qw: Do second Lair branch before Depths: true
     0 | D:1      | 0 ||| qw: Lair rune preference: random
     0 | D:1      | 0 ||| qw: Goals: Normal
     0 | D:1      | 0 ||| PLANNING D:1-11
   296 | D:1      | Reached XP level 2. HP: 14/17 MP: 2/2
   750 | D:1      | Found Teschema's Antique Weapon Shop.
   751 | D:1      | 751 ||| UPGRADING to +0 ring mail.
   781 | D:1      | 781 ||| DROPPING +0 leather armour.
   782 | D:1      | 782 ||| UPGRADING to +0 helmet.
   806 | D:1      | 806 ||| READING scroll labelled UCAYGG NAWEUCH.
   807 | D:1      | 807 ||| READING scroll labelled JAKAMPESTOW.
   807 | D:1      | 807 ||| IDENTIFYING lumpy coppery potion
   993 | D:1      | 993 ||| DROPPING scroll of butterflies.
  1014 | D:2      | 1014 ||| STAIRDANCE
  1026 | D:1      | Reached skill level 1 in Armour
  1026 | D:1      | Reached XP level 3. HP: 19/21 MP: 3/3
  1035 | D:2      | 1035 ||| STAIRDANCE
  1046 | D:2      | 1046 ||| STAIRDANCE
  1066 | D:2      | Reached skill level 5 in Ranged Weapons
  1066 | D:2      | 1066 ||| STAIRDANCE
  1487 | D:2      | Reached skill level 3 in Fighting
  1487 | D:2      | Reached XP level 4. HP: 20/28 MP: 4/4
  1487 | D:2      | 1487 ||| FLEEEEING.
  1493 | D:2      | 1493 ||| FLEEEEING.
  1494 | D:2      | 1494 ||| STAIRDANCE
  1712 | D:2      | 1712 ||| READING scroll labelled OPSIOM ERYMEECK.
  1930 | D:3      | Found a faded altar of an unknown god.
  1947 | D:3      | Found a shadowy altar of Dithmenos.
  1948 | D:3      | Identified the +0 robe of Uskayaw's Whim {rF+ Will+}
  2008 | D:3      | Found an ornate altar of the Wu Jian Council.
  2148 | D:3      | Found a runed translucent door.
  2149 | D:3      | Noticed Crazy Yiuf
  2255 | D:3      | Found a hide-covered altar of Uskayaw.
  2523 | D:3      | 2523 ||| UPGRADING to +0 robe of Uskayaw's Whim {rF+
                  | Will+}.
  2533 | D:3      | 2533 ||| UPGRADING to +4 ring of protection.
  2534 | D:3      | 2534 ||| READING scroll labelled YREIPLOIFU.
  2535 | D:3      | 2535 ||| READING scroll labelled KEPAH TAODAI.
  2535 | D:3      | 2535 ||| ENCHANTING +0 helmet.
  2570 | D:4      | Found a white marble altar of Elyvilon.
  2596 | D:4      | Noticed a scorpion
  2616 | D:4      | Killed a scorpion
  2617 | D:4      | Reached skill level 6 in Ranged Weapons
  2617 | D:4      | Reached XP level 5. HP: 21/32 MP: 5/5
  2617 | D:4      | 2617 ||| FLEEEEING.
  2671 | D:4      | Found a staircase to the Ecumenical Temple.
  2672 | D:4      | 2672 ||| PLANNING TEMPLE
  2677 | Temple   | Entered the Ecumenical Temple
  2678 | Temple   | 2678 ||| PLANNING OKAWARU WORSHIP
  2688 | Temple   | Became a worshipper of Warmaster Okawaru
  2689 | Temple   | 2689 ||| PLANNING D:1-11
  2743 | D:4      | Slain by a gnoll

Levels and vault maps discovered:
D:1:      eino_arrival_water_cross, layout_basic, serial_shops,
          nicolae_square_shop, minivault_4, amcnicky_mini_pool_small,
          roderic_serpentine_path
D:2:      layout_loops_ring
D:3:      layout_loops_ring, nicolae_uskayaw_suspiria,
          overflow_temple_1_default, mainiacjoe_overflow_boulevard,
          basic_ecumenical_altar, uniq_crazy_yiuf_cottage
D:4:      layout_loops_cross, elyvilon_altar_4, minmay_temple_entry_hall
Temple:   hellmonk_temple_of_storms

Skill      XL: |  1  2  3  4 |
---------------+-------------+-----
Armour         | 1 |  1.0
Ranged Weapons | 5 6 |  6.0
Fighting       | 3 |  3.3
Dodging        | |  1.5
Stealth        | |  1.1

Action                     |  1- 3 |  4- 6 || total
---------------------------+-------+-------++-------
   Fire: Shortbow          |   128 |    75 ||   203
    Use: Scroll            |     2 |     3 ||     5
 Armour: Leather armour    |     8 |       ||     8
         Ring mail         |    54 |     5 ||    59
         Skin              |     1 |       ||     1
         Robe              |       |    22 ||    22
  Dodge: Dodged            |    53 |    18 ||    71

Table legend:
 A = Non-vault XP
 B = Vault XP
 C = Vault XP percentage of total XP
 D = Non-vault monster count
 E = Vault monster count
 F = Vault count percentage of total count
                 A         B        C        D         E       F
            +---------+---------+-------+---------+---------+-------
      Total |     240 |       0 |   0.0 |      55 |       0 |   0.0
            +---------+---------+-------+---------+---------+-------
        D:1 |      51 |       0 |   0.0 |      20 |       0 |   0.0
        D:2 |      50 |       0 |   0.0 |      18 |       0 |   0.0
        D:3 |      34 |       0 |   0.0 |      13 |       0 |   0.0
        D:4 |     105 |       0 |   0.0 |       4 |       0 |   0.0
            +---------+---------+-------+---------+---------+-------
